 Dungeon Crawl Stone Soup version 0.21-a0-84-g85d6d27 (webtiles) character file.

106699 qandnotyew the Scorcher (level 16, -8/115 HPs)
             Began as a Human Fire Elementalist on June 30, 2017.
             Was a High Priest of Sif Muna.
             Mangled by a naga warrior
             ... wielding a +0 scimitar
              (20 damage)
             ... on level 3 of the Lair of Beasts.
             The game lasted 02:36:08 (39550 turns).

qandnotyew the Scorcher (Human Fire Elementalist)  Turns: 39550, Time: 02:36:09

Health: -8/115     AC: 14    Str: 10    XL:     16   Next: 99%
Magic:  2/64       EV: 13    Int: 27    God:    Sif Muna [*****.]
Gold:   502        SH:  7    Dex: 13    Spells: 2/35 levels left

rFire    . . .     SeeInvis .   b - staff of power
rCold    . . .     Gourm    .   m - +2 buckler
rNeg     + + .     Faith    .   k - +0 troll leather armour
rPois    +         Spirit   .   j - +3 hat of Pondering {ponderous, MR+ MP+10 Int+5}
rElec    .         Reflect  .   A - +2 cloak {rPois}
rCorr    .         Harm     .   y - +0 pair of gloves
MR       ++...                  t - +2 pair of boots
Stlth    ++........             B - amulet of magic regeneration
HPRegen  0.69/turn              S - ring "Nuycs" {rPois rN++ MP+9 Slay-6}
MPRegen  0.64/turn              M - +5 ring of slaying

@: constricted, slow
A: no striking features
a: Divine Energy, Channel Magic, Forget Spell, Renounce Religion


You were on level 3 of the Lair of Beasts.
You worshipped Sif Muna.
Sif Muna was extremely pleased with you.
You were not hungry.

You visited 5 branches of the dungeon, and saw 25 of its levels.
You visited 1 bazaar.

You collected 2383 gold pieces.
You spent 1881 gold pieces at shops.

Inventory:

Hand Weapons
 a - the +5 flail of Pepefag {crush, rN+ Dex+2}
   (You took it off a wizard on level 11 of the Dungeon)

   It inflicts extra damage upon your enemies.
   It affects your dexterity (+2).
   It protects you from negative energy.
Armour
 j - the +3 hat of Pondering (worn) {ponderous, MR+ MP+10 Int+5}
   (You took it off Gastronok on level 3 of the Lair of Beasts)

   It affects your intelligence (+5).
   It affects your resistance to hostile enchantments.
   It affects your magic capacity (+10).
 k - a +0 troll leather armour (worn)
 m - a +2 buckler (worn)
 t - a +2 pair of boots (worn)
 y - a +0 pair of gloves (worn)
 A - a +2 cloak of poison resistance (worn)
Magical Staves
 b - an uncursed staff of power (weapon)
Jewellery
 B - an amulet of magic regeneration (around neck)
 J - an uncursed ring of fire
 M - a +5 ring of slaying (right hand)
 S - the ring "Nuycs" (left hand) {rPois rN++ MP+9 Slay-6}
   (You found it on level 11 of the Dungeon)

   [ring of magical power]

   It affects your accuracy and damage with ranged weapons and melee attacks
   (-6).
   It protects you from poison.
   It greatly protects you from negative energy.
   It affects your magic capacity (+9).
Wands
 F - a wand of confusion (20/48)
 K - a wand of iceblast (6/15)
 P - a wand of random effects (21/48)
 U - a wand of polymorph (6/24)
Scrolls
 d - a scroll of recharging
 e - 10 scrolls of teleportation
 h - 9 scrolls of remove curse
 o - a scroll of blinking
 s - 2 scrolls of magic mapping
 v - a scroll of fear
 w - 16 scrolls of identify
 C - a scroll of fog
Potions
 f - a potion of agility
 g - 6 potions of flight
 n - 11 potions of curing
 r - 3 potions of brilliance
 u - a potion of magic
 x - 9 potions of haste
 z - a potion of resistance
 E - a potion of heal wounds
 N - a potion of berserk rage
 O - a potion of invisibility
Comestibles
 c - 15 bread rations
 i - 38 fruits
 q - 7 meat rations


   Skills:
 - Level 7.0 Fighting
 - Level 8.1 Dodging
 - Level 2.0 Stealth
 - Level 6.0 Shields
 - Level 10.2 Spellcasting
 * Level 13.8 Conjurations
 - Level 17.8 Fire Magic
 - Level 7.9 Invocations


You had 2 spell levels left.
You knew the following spells:

 Your Spells              Type           Power        Failure   Level  Hunger
a - Flame Tongue          Conj/Fire      #####        0%          1    None
b - Conjure Flame         Conj/Fire      #######.     1%          3    None
c - Throw Flame           Conj/Fire      ######       0%          2    None
d - Sticky Flame          Conj/Fire      #######.     1%          4    None
e - Fireball              Conj/Fire      #######...   1%          5    ####...
f - Inner Flame           Hex/Fire       ######..     1%          3    None
g - Slow                  Hex            ##......     9%          2    None
h - Bolt of Fire          Conj/Fire      #######...   1%          6    #####..
i - Orb of Destruction    Conj           ######....   16%         7    #######


Dungeon Overview and Level Annotations

Branches:
Dungeon (15/15)            Temple (1/1) D:4            Lair (6/6) D:11
 Shoals (0/4) Lair:4        Snake (1/4) Lair:3        Slime (0/5) Lair:6
    Orc (2/2) D:12            Elf (0/3) Orc:2        Vaults (0/5) D:14
 Depths (0/5) D:15

Altars:
Ashenzari
Cheibriados
Dithmenos
Elyvilon
Fedhas
Gozag
Hepliaklqana
Kikubaaqudgha
Makhleb
Nemelex Xobeh
Okawaru
Qazlal
Ru
Sif Muna
Trog
Uskayaw
Vehumet
Wu Jian
Xom
Yredelemnul
Zin
The Shining One
Jiyva

Shops:
D:4 (}*   D:8 (   D:14 =(   D:15 }   Orc:2 }=!=!

Annotations:
D:5 exclusion: crimson imp
D:7 Joseph
D:11 exclusion: crimson imp
D:13 1 exclusion
Lair:2 exclusion: downstairs


Message History

Unknown command.
Unknown command.
Unknown command.
Casting: Bolt of Fire
Confirm with . or Enter, or press ? or * to list all spells.
Aiming: Flame Tongue
Press: ? - help, Shift-Dir - straight line, f/p - naga warrior
Aim: a naga warrior, wielding a scimitar and wearing a shield (almost dead, constricting you)
The naga warrior blocks the flame tongue.
The naga warrior spits poison at you. The splash of poison misses you.
The naga warrior constricts you.
Casting: Flame Tongue
Confirm with . or Enter, or press ? or * to list all spells.
Aiming: Flame Tongue
Press: ? - help, Shift-Dir - straight line, f/p - naga warrior
Aim: a naga warrior, wielding a scimitar and wearing a shield (almost dead, constricting you, catching its breath)
The flame tongue hits the naga warrior.
The naga warrior is almost dead.
The naga warrior hits you with a scimitar!!
You die...

#...........)# #.....#
##............# #.....#
#P............# ##.....#
##...........?## #P.....#
#.....#####..[### #......#
#.....# #.......# #......##
#.....###.......## ##.....##
#.....##...N.....### #.....##
#....##.....@......# #.>...#≈
##....##............###.....#≈
#......#.#.......#.#.##.....##
#........#.......#.......[..##
#........###...###............
#...............#####..#....##
##....##....##..# #####..###
#...........#..# #...#
##...........P..# ##...#


You could see a naga warrior.

Vanquished Creatures
  Gastronok (Lair:3)
  Kirke (Lair:6)
  2 orc warlords (Orc:1)
  A yaktaur captain (D:15)
  2 catoblepae
  5 centaur warriors
  11 hydras
  Erica (Orc:2)
  2 dancing weapons (D:14)
  A death knight (D:11)
  6 two-headed ogres
  3 death yaks (Lair:6)
  5 orc high priests (Orc:2)
  2 tengu warriors (D:15)
  2 shock serpents
  A naga sharpshooter (Snake:1)
  A deep elf knight (Orc:1)
  13 spriggans
  An unseen horror (D:12)
  6 orc knights
  A wizard (D:11)
  Pikel (D:6)
  A mana viper (Snake:1)
  An orb spider (shapeshifter) (D:15)
  A wolf spider zombie (D:12)
  6 cyclopes
  3 orc sorcerers
  5 ugly things
  2 deep elf magi
  3 manticores
  A merfolk siren (Lair:4)
  5 elephants (Lair:3)
  5 black mambas
  A spiny frog (shapeshifter) (D:11)
  A rime drake (Lair:5)
  2 gargoyles
  A redback zombie (D:15)
  11 spiny frogs
  An efreet (D:13)
  A yaktaur (D:15)
  11 komodo dragons
  A tengu conjurer (D:14)
  7 trolls
  8 polar bears
  4 hornets (Lair:6)
  Prince Ribbit (D:7)
  10 blink frogs
  7 hippogriffs
  11 dream sheep (Lair:6)
  4 slime creatures (D:13)
  A redback (D:11)
  2 wraiths
  3 shadows
  57 yaks
  A wyvern (Lair:6)
  5 hogs (Lair:6)
  Eustachio (D:6)
  4 basilisks
  A hungry ghost (D:11)
  3 vampire mosquitoes
  2 wargs
  7 nagas
  Edmund (D:5)
  14 porcupines
  33 water moccasins
  8 sky beasts
  A swamp drake (Lair:3)
  42 orc warriors
  6 black bears
  10 ice beasts
  13 ogres
  2 phantoms
  2 necrophages
  31 wolves
  26 centaurs
  4 boggarts (Lair:6)
  13 crocodiles
  The ghost of sscrono2 the Sneak, an amateur OpAs of Ashenzari (D:3)
  2 big kobolds
  15 bullfrogs
  A gnoll sergeant (D:11)
  7 scorpions
  14 killer bees
  12 wights
  11 howler monkeys
  2 electric eels
  2 crimson imps
  A quasit (D:12)
  2 bullfrog zombies
  9 hounds
  3 jellies
  35 orc priests
  A centaur skeleton (D:10)
  28 orc wizards
  4 bullfrog skeletons
  5 iguanas
  10 worker ants
  2 hound skeletons
  8 gnolls
  A howler monkey skeleton (D:6)
  33 adders
  3 shadow imps
  4 white imps (D:11)
  A worker ant simulacrum (D:11)
  An ufetubus (D:11)
  An adder skeleton (D:4)
  A worm (D:2)
  3 dart slugs
  7 leopard geckos
  121 orcs
  2 ball pythons
  6 bats
  7 giant cockroaches
  9 goblins
  16 hobgoblins
  10 jackals
  5 quokkas
  5 frilled lizards
  24 kobolds
  A quokka skeleton (D:6)
  7 rats
  5 fungi
  A plant (Lair:6)
926 creatures vanquished.

Vanquished Creatures (others)
  A human (Lair:6)
  4 slaves (D:6)
  2 orc wizards
  38 fungi
  27 plants
72 creatures vanquished.

Grand Total: 998 creatures vanquished

Notes
Turn   | Place    | Note
-------+----------+-------------------------------------------
     0 | D:1      | qandnotyew the Human Fire Elementalist began the quest for the Orb.
     0 | D:1      | Reached XP level 1. HP: 13/13 MP: 3/3
   312 | D:1      | Reached XP level 2. HP: 3/19 MP: 3/5
  1099 | D:1      | Reached XP level 3. HP: 16/24 MP: 0/6
  2585 | D:2      | Reached XP level 4. HP: 30/30 MP: 7/7
  2987 | D:2      | Reached skill level 4 in Fire Magic
  3103 | D:2      | Found a sacrificial altar of Ru.
  3267 | D:2      | Reached XP level 5. HP: 20/35 MP: 2/9
  3519 | D:2      | Learned a level 3 spell: Conjure Flame
  3801 | D:3      | Noticed sscrono2's ghost (amateur OpAs)
  4729 | D:2      | Learned a level 2 spell: Throw Flame
  4969 | D:3      | Reached XP level 6. HP: 36/41 MP: 10/10
  5102 | D:3      | Killed sscrono2's ghost
  5102 | D:3      | Reached skill level 5 in Fire Magic
  5376 | D:4      | Noticed an ogre
  5383 | D:4      | Killed an ogre
  5383 | D:4      | Reached XP level 7. HP: 46/46 MP: 12/12
  5666 | D:4      | Found Juigipux's Weapon Emporium.
  5725 | D:4      | Found Exzenius's Gadget Boutique.
  5866 | D:4      | Reached skill level 6 in Fire Magic
  6107 | D:4      | Found Ykant's General Store.
  6355 | D:4      | Found a staircase to the Ecumenical Temple.
  6362 | Temple   | Entered the Ecumenical Temple
  6502 | Temple   | Became a worshipper of Sif Muna the Loreminder
  6738 | D:4      | Found a shimmering altar of Xom.
  6829 | D:5      | Entered Level 5 of the Dungeon
  6836 | D:5      | Reached XP level 8. HP: 44/52 MP: 14/14
  7390 | D:5      | Noticed Edmund
  7411 | D:5      | Killed Edmund
  7411 | D:5      | Reached * piety under Sif Muna
  7411 | D:5      | Reached skill level 7 in Fire Magic
  7534 | D:5      | Learned a level 4 spell: Sticky Flame
  7820 | D:5      | Reached skill level 5 in Conjurations
  8577 | D:6      | Noticed Pikel
  8596 | D:6      | Killed Pikel
  8596 | D:6      | Reached ** piety under Sif Muna
  8596 | D:6      | Reached skill level 5 in Spellcasting
  8596 | D:6      | Reached skill level 8 in Fire Magic
  8596 | D:6      | Reached XP level 9. HP: 57/57 MP: 15/17
  8600 | D:6      | Noticed Eustachio
  8994 | D:6      | Killed Eustachio
  9326 | D:6      | Found an iron altar of Okawaru.
  9462 | D:6      | Reached skill level 9 in Fire Magic
  9748 | D:6      | Learned a level 5 spell: Fireball
  9959 | D:7      | Reached *** piety under Sif Muna
 10025 | D:7      | Reached XP level 10. HP: 63/63 MP: 7/19
 10501 | D:7      | Found an iron altar of Okawaru.
 10529 | D:7      | Reached skill level 10 in Fire Magic
 10558 | D:7      | Noticed Joseph
 10675 | D:7      | Reached skill level 1 in Invocations
 11151 | D:8      | Found a shattered altar of Ashenzari.
 11480 | D:8      | Reached **** piety under Sif Muna
 11770 | D:7      | Noticed Prince Ribbit
 11778 | D:7      | Killed Prince Ribbit
 12029 | D:8      | Found a sparkling altar of Nemelex Xobeh.
 12266 | D:8      | Found Gumael's Weapon Emporium.
 12311 | D:9      | Reached skill level 5 in Invocations
 12397 | D:9      | Found a white marble altar of Elyvilon.
 12446 | D:9      | Found an ancient bone altar of Kikubaaqudgha.
 12474 | D:9      | Noticed a two-headed ogre
 12485 | D:9      | Killed a two-headed ogre
 12485 | D:9      | Reached XP level 11. HP: 68/68 MP: 19/20
 12693 | D:9      | Learned a level 3 spell: Inner Flame
 13156 | D:9      | Noticed a two-headed ogre
 13165 | D:9      | Killed a two-headed ogre
 13165 | D:9      | Reached skill level 5 in Dodging
 13240 | D:9      | Reached skill level 11 in Fire Magic
 13524 | D:10     | Entered Level 10 of the Dungeon
 14376 | D:10     | Noticed a two-headed ogre
 14391 | D:10     | Killed a two-headed ogre
 15069 | D:11     | Reached ***** piety under Sif Muna
 15069 | D:11     | Identified Sif Muna's Collected Works on the Mutagenic Arsonist (Sif Muna gifted it to you on level 11 of the Dungeon)
 15069 | D:11     | Received a gift from Sif Muna
 15069 | D:11     | Reached skill level 1 in Fighting
 15240 | D:11     | Reached skill level 12 in Fire Magic
 15278 | D:10     | Reached XP level 12. HP: 77/77 MP: 22/22
 15478 | D:11     | Noticed a two-headed ogre
 15491 | D:11     | Killed a two-headed ogre
 16001 | D:11     | Got a warped turquoise ring
 16002 | D:11     | Identified the ring "Nuycs" {rPois rN++ MP+9 Slay-6} (You found it on level 11 of the Dungeon)
 16192 | D:11     | Noticed a death knight
 16375 | D:11     | Reached skill level 5 in Fighting
 16480 | D:11     | Noticed a wizard
 16508 | D:11     | Killed a death knight
 16866 | D:11     | Killed a wizard
 16866 | D:11     | Reached skill level 13 in Fire Magic
 16869 | D:11     | Got an ichor-stained flail {crush}
 16997 | D:11     | Found a staircase to the Lair.
 17472 | Lair:1   | Entered Level 1 of the Lair of Beasts
 17539 | Lair:1   | Identified the +5 flail of Pepefag {crush, rN+ Dex+2} (You took it off a wizard on level 11 of the Dungeon)
 18155 | Lair:1   | Reached XP level 13. HP: 96/96 MP: 23/23
 18489 | Lair:1   | Noticed a four-headed hydra
 18537 | Lair:1   | Killed a four-headed hydra
 19983 | Lair:3   | Identified Sif Muna's Handbook of Stolen Souls (Sif Muna gifted it to you on level 3 of the Lair of Beasts)
 19983 | Lair:3   | Received a gift from Sif Muna
 20436 | Lair:3   | Noticed a catoblepas
 21083 | D:12     | Noticed an eight-headed hydra
 21102 | D:12     | Killed an eight-headed hydra
 21463 | D:13     | Reached skill level 14 in Fire Magic
 21868 | D:13     | Learned a level 2 spell: Slow
 22091 | D:13     | Noticed a centaur warrior
 22092 | D:13     | Noticed a five-headed hydra
 23384 | Lair:3   | Received a gift from Sif Muna
 23384 | Lair:3   | Reached XP level 14. HP: 103/103 MP: 26/26
 23393 | Lair:3   | Learned a level 6 spell: Bolt of Fire
 23585 | Lair:3   | Found a staircase to the Snake Pit.
 23766 | Lair:3   | Noticed Gastronok
 23779 | Lair:3   | Killed Gastronok
 24497 | Lair:4   | Reached skill level 10 in Conjurations
 24934 | Lair:4   | Found a staircase to the Shoals.
 25433 | Lair:5   | Got a steaming robe
 25450 | Lair:5   | Identified the +1 robe of Weightlessness {rF+} (You found it on level 5 of the Lair of Beasts)
 25945 | Lair:6   | Entered Level 6 of the Lair of Beasts
 25954 | Lair:6   | Found a viscous altar of Jiyva.
 25955 | Lair:6   | Found a staircase to the Slime Pits.
 26416 | Lair:5   | Reached skill level 15 in Fire Magic
 26544 | Lair:6   | Identified Sif Muna's Tome of Lethal Ignition (Sif Muna gifted it to you on level 6 of the Lair of Beasts)
 26544 | Lair:6   | Received a gift from Sif Muna
 27066 | Lair:5   | Reached skill level 1 in Shields
 28205 | Lair:6   | Reached XP level 15. HP: 108/108 MP: 28/28
 28383 | Lair:6   | Reached skill level 5 in Shields
 28446 | Lair:6   | Noticed Kirke
 28472 | Lair:6   | Killed Kirke
 29019 | Lair:6   | Paralysed by a hornet for 1 turns
 29338 | Lair:6   | Reached skill level 10 in Spellcasting
 30641 | Lair:1   | Learned a level 3 spell: Mephitic Cloud
 30939 | D:12     | Identified Voveashra's Compendium of Transformation and Dislocation (Sif Muna gifted it to you on level 12 of the Dungeon)
 30939 | D:12     | Received a gift from Sif Muna
 31480 | D:12     | Reached skill level 16 in Fire Magic
 31494 | D:12     | Found a staircase to the Orcish Mines.
 32275 | Orc:1    | Entered Level 1 of the Orcish Mines
 32336 | Orc:2    | Entered Level 2 of the Orcish Mines
 32463 | Orc:2    | Found a staircase to the Elven Halls.
 32960 | Orc:2    | Found Aptir's Distillery.
 32973 | Orc:2    | Bought a potion of heal wounds for 75 gold pieces
 32973 | Orc:2    | Bought a potion of heal wounds for 75 gold pieces
 34087 | Orc:2    | Reached XP level 16. HP: 115/115 MP: 28/30
 34371 | Orc:2    | Identified Sif Muna's Grimoire of Orientation and Clay (Sif Muna gifted it to you on level 2 of the Orcish Mines)
 34371 | Orc:2    | Received a gift from Sif Muna
 35002 | Orc:2    | Found Xousiw's Distillery.
 35003 | Orc:2    | Found Cocianud's Jewellery Shoppe.
 35003 | Orc:2    | Found Ucsost's Gadget Emporium.
 35004 | Orc:2    | Found Puiraz's Jewellery Emporium.
 35016 | Orc:2    | Bought a potion of heal wounds for 90 gold pieces
 35016 | Orc:2    | Bought 2 potions of haste for 360 gold pieces
 35016 | Orc:2    | Bought a potion of heal wounds for 90 gold pieces
 35020 | Orc:2    | Bought an uncursed amulet of magic regeneration for 420 gold pieces
 35150 | Orc:1    | Noticed Erica
 35205 | Orc:2    | Killed Erica
 35787 | Orc:1    | Reached skill level 17 in Fire Magic
 36501 | D:14     | Found Oneil's Antique Weapon Boutique.
 36513 | D:14     | Found Zimm's Jewellery Shop.
 36564 | D:14     | Found a flickering gateway to a bazaar.
 37037 | D:14     | Found a gate to the Vaults.
 37427 | Bazaar   | Entered a bazaar
 37430 | Bazaar   | Found Uxiphet's Book Shop.
 37443 | Bazaar   | Found Lyujic's Gadget Shop.
 37458 | Bazaar   | Found Qucs's Food Boutique.
 37458 | Bazaar   | Found Weczukuw's Antique Armour Shop.
 37534 | Bazaar   | Bought a bread ration for 55 gold pieces
 37534 | Bazaar   | Bought 4 fruits for 66 gold pieces
 37534 | Bazaar   | Bought a bread ration for 55 gold pieces
 37534 | Bazaar   | Bought a bread ration for 55 gold pieces
 37546 | Bazaar   | Bought a book of Power for 540 gold pieces
 37576 | D:14     | Learned a level 7 spell: Orb of Destruction
 37607 | D:15     | Entered Level 15 of the Dungeon
 38445 | D:15     | Found Jazy Rofaus's Gadget Shop.
 38497 | D:15     | Identified Sif Muna's Almanac of Shifting Translocation (Sif Muna gifted it to you on level 15 of the Dungeon)
 38497 | D:15     | Received a gift from Sif Muna
 38615 | D:15     | Found a staircase to the Depths.
 39169 | Snake:1  | Entered Level 1 of the Snake Pit
 39550 | Lair:3   | Mangled by a naga warrior

Vault maps used:
D:1:      dpeg_arrival_refuge, serial_bayou_lagoon_a
D:2:      first_bread, minmay_crystal_water, serial_park_tiny_pond,
          serial_park_tiny_pond, minmay_misc_feat_roman,
          minmay_tree_intersection, kennysheep_pointless_box,
          hangedman_ru_absence
D:3:      guppyfry_early_lair_pool
D:4:      kennysheep_mini_moat, minmay_temple_entry_nine_rooms, serial_shops,
          shop, shop, nicolae_shop_crystal
D:5:      roderic_nine_men_s_morris, uniq_edmund
D:6:      okawaru_trees_1, uniq_eustachio, uniq_pikel
D:7:      old_standard_altar, uniq_joseph, uniq_prince_ribbit1
D:8:      nemelex_xobeh_ov_fountains_minmay, cheibrodos_ashenzari_chains,
          serial_shops, shop
D:9:      elyvilon_altar_4, lemuel_doored_altar
D:11:     hangedman_cross_veins, grunt_lair_entry_orc_guard_hut, serial_ice,
          serial_ice_c, serial_ice_g, serial_ice_j, serial_ice_o
D:12:     david_orc_1_choice
D:14:     erik_vaults_1, minmay_misc_feat_doors, serial_shops,
          bzr_entry_lakeside, kennysheep_little_box,
          nicolae_shop_overgrown_old_shop, grunt_tengu_nest,
          small_statue_alley_a
D:15:     grunt_enter_depths_snipers, minivault_19, serial_shops, shop_fountains
Temple:   eino_temple_rhombus
Lair:1:   nicolae_volcano_entry_s_turn
Lair:3:   lemuel_reptile_caves, minmay_snake_entry_guardpost_small,
          serial_bayou_pond_e, uniq_gastronok
Lair:4:   minmay_shoals_entry_lonely_mermaid
Lair:6:   minmay_lair_end_enchanted_forest, slime_altar_1, serial_bayou_shore_b,
          uniq_kirke
Snake:1:  cheibrodos_snake_ritualist_ritual, grunt_megastairs_2,
          minmay_shop_star
Orc:1:    serial_shops, elf_legates, uniq_erica
Orc:2:    st_orc_pillars, serial_shops, nicolae_shop_statue_plus
Bazaar:   bazaar_jpeg_honeycomb

Skill      XL: |  1  2  3  4  5  6  7  8  9 10 11 12 13 14 15 16 |
---------------+-------------------------------------------------+-----
Conjurations   | 2 3 4 5 6 7 9 10 12 13 | 13.8
Fire Magic     | 4 5 6 8 9 10 12 13 14 15 16 17 | 17.8
Spellcasting   | 3 4 5 6 7 8 9 10 | 10.2
Invocations    | 6 7 |  7.9
Dodging        | 4 5 7 8 |  8.1
Fighting       | 1 7 |  7.0
Shields        | 4 6 |  6.0
Stealth        | |  2.0

Action                   |  1- 3 |  4- 6 |  7- 9 | 10-12 | 13-15 | 16-18 || total
-------------------------+-------+-------+-------+-------+-------+-------++-------
Melee: Unarmed           |    21 |       |       |       |       |       ||    21
       Club              |    24 |       |       |       |       |       ||    24
       Staff             |       |       |    37 |    19 |    16 |    58 ||   130
       Flail             |       |       |       |       |       |    30 ||    30
 Fire: Hunting sling     |     9 |    95 |       |     4 |       |       ||   108
 Cast: Flame Tongue      |    53 |    70 |   157 |   382 |   231 |   114 ||  1007
       Throw Flame       |       |    19 |    90 |   211 |   810 |   297 ||  1427
       Conjure Flame     |       |     1 |    25 |    40 |    32 |     4 ||   102
       Sticky Flame      |       |       |     1 |    35 |    90 |    21 ||   147
       Fireball          |       |       |     3 |    22 |    35 |    12 ||    72
       Inner Flame       |       |       |       |     7 |    12 |     6 ||    25
       Bolt of Fire      |       |       |       |       |    83 |    62 ||   145
       Slow              |       |       |       |       |     4 |     5 ||     9
       Orb of Destructio |       |       |       |       |       |    25 ||    25
       Mephitic Cloud    |       |       |       |       |       |     2 ||     2
Invok: Divine Energy     |       |       |       |     1 |       |       ||     1
       Stop Divine Energ |       |       |       |     1 |       |       ||     1
       Channel Magic     |       |       |       |       |     6 |     1 ||     7
       Forget Spell      |       |       |       |       |       |     1 ||     1
Evoke: Wand              |       |       |       |       |     2 |     3 ||     5
  Use: Scroll            |       |     2 |    10 |    15 |    17 |     6 ||    50
       Potion            |       |       |     1 |     1 |     6 |     4 ||    12
 Stab: Sleeping          |       |       |     1 |       |       |       ||     1
  Eat: Chunk             |     6 |     9 |    14 |    33 |    65 |    40 ||   167
       Royal jelly       |       |       |     1 |     1 |     5 |     1 ||     8
       Fruit             |       |       |     1 |     1 |       |       ||     2
       Meat ration       |       |       |       |       |     2 |     2 ||     4
Armor: Robe              |    14 |    12 |    39 |    16 |       |       ||    81
       Troll leather arm |       |       |       |    46 |   192 |    76 ||   314
Dodge: Dodged            |    47 |    36 |    61 |   130 |   451 |   221 ||   946
Block: Buckler           |       |       |       |       |    81 |    66 ||   147
